 Dungeon Crawl Stone Soup version 0.30-a0-134-gb40fab5c76 (webtiles) character file.

Game seed: 12607915046153600050

81064 scionoferis the Executioner (level 16, -32/147 HPs)
             Began as a Meteoran Berserker on Sept 19, 2022.
             Was a High Priest of Trog.
             Blown up by an orb spider (43 damage)
             ... with an orb of destruction
             ... on level 4 of the Spider Nest.
             The game lasted 01:31:12 (9618 turns).

scionoferis the Executioner (Meteoran Berserker)    Turns: 9618, Time: 01:31:13

Health: -32/147    AC: 28    Str: 25    XL:     16   Next: 66%
Magic:  17/17      EV: 15    Int: 11    God:    Trog [*****.]
Gold:   1058       SH:  5    Dex: 14    Spells: 15/15 levels left

rFire   . . .      SeeInvis +    W - +1 executioner's axe (freeze)
rCold   + . .      Faith    .    (shield currently unavailable)
rNeg    . . .      Spirit   .    J - +2 plate armour {rC+}
rPois   +          Reflect  +    p - +2 hat {SInv}
rElec   .          Harm     .    f - +0 cloak
rCorr   .          Rampage  .    i - +0 pair of gloves
Will    ++...                    Z - +0 pair of boots
Stlth   ..........               l - amulet of reflection
HPRegen 0.34/turn                b - +4 ring of evasion
MPRegen 0.15/turn                X - +4 ring of protection

@: on berserk cooldown, slowed, glowing, studying Short Blades, very slow
A: sense surroundings 2, otherworldly, glowing, explore regen, horns 1, poison
resistance
a: Renounce Religion, Berserk, Trog's Hand, Brothers in Arms


You were on level 4 of the Spider Nest.
You worshipped Trog.
Trog was extremely pleased with you.
You visited 4 branches of the dungeon, and saw 21 of its levels.

You collected 1058 gold pieces.

Inventory:

Hand Weapons
 a - a +3 broad axe of flaming
 k - a +0 shortbow
 W - a +1 executioner's axe of freezing (weapon)
Missiles
 d - 8 boomerangs of dispersal
 o - 7 throwing nets
 E - 11 boomerangs
 L - 27 poisoned darts (quivered)
Armour
 f - a +0 cloak (worn)
 i - a +0 pair of gloves (worn)
 p - a +2 hat of see invisible (worn)
 J - a +2 plate armour of cold resistance (worn)
 Z - a +0 pair of boots (worn)
Jewellery
 b - a +4 ring of evasion (left hand)
 g - a ring of fire
 l - an amulet of reflection (around neck)
 u - a ring of willpower
 X - a +4 ring of protection (right hand)
Wands
 q - a wand of quicksilver (11)
 y - a wand of digging (14)
 B - a wand of iceblast (24)
 H - a wand of flame (29)
Scrolls
 h - 2 scrolls of blinking
 m - 6 scrolls of poison
 n - 4 scrolls of fear
 s - 4 scrolls of enchant armour
 t - a scroll of identify
 w - 4 scrolls of teleportation
 A - 6 scrolls of magic mapping
 D - 2 scrolls of butterflies
 F - 4 scrolls of silence
 K - 2 scrolls of brand weapon
 M - a scroll of vulnerability
 R - 5 scrolls of immolation
 T - 3 scrolls of enchant weapon
 Y - a scroll of summoning
Potions
 c - 7 potions of heal wounds
 e - a potion of ambrosia
 j - 7 potions of curing
 x - a potion of cancellation
 z - a potion of flight
 C - 2 potions of magic
 G - 2 potions of haste
 I - a potion of might
 O - 3 potions of berserk rage
 Q - 2 potions of attraction
Miscellaneous
 r - a phial of floods
 S - a tin of tremorstones (2/2)
 U - a box of beasts


   Skills:
 + Level 14.7 Fighting
 * Level 21.7 Axes
 - Level 12.0 Armour
 + Level 9.0 Dodging
 - Level 12.0 Evocations


You had 15 spell levels left.
You didn't know any spells.
Your spell library was empty.

Dungeon Overview and Level Annotations

Branches:
Dungeon (11/15) Zot: 404   Temple (0/1) D:5            Lair (5/5) D:11 Zot: 543
 Shoals (0/4) Lair:3       Spider (4/4) Lair:3 Zot: 1216   Slime (1/5) Lair:5 Zot: 596
    Orc (0/2) D:9

Altars:
Gozag
Hepliaklqana
Makhleb
Ru
Uskayaw
Vehumet
Xom
The Shining One
Jiyva

Shops:
D:3 (   D:7 =

Annotations:
D:8 2 transporters, IdlyInterested's ghost, novice DsWn
D:11 2 runed translucent doors, Jeffwins's ghost, journeyman HuWn
Lair:4 exclusion: 2 oklob plants


Innate Abilities, Weirdness & Mutations

You passively map the area around you.
You are easily found by Zot.
You glow in the dark.
You regain HP and MP as you explore.
You have a pair of small horns on your head.
Your system is resistant to poisons. (rPois)


Message History

Your butterfly disappears in a burst of colours!
A wolf spider comes into view.
Your butterfly pulls away from the web.
An emperor scorpion comes into view.
The orb spider spins a strand of pure energy.
The jumping spider leaps!
The pharaoh ant closely misses your butterfly.
Your butterfly is caught in a web!
Your butterfly evades a web.
The pharaoh ant barely misses your butterfly.
Things that are here:
a +1 executioner's axe of flaming; a tarantella corpse You swap places.
Your butterfly struggles to get unstuck from the web.
Your butterfly pulls away from the web.
The pharaoh ant bites your butterfly!!!
Your butterfly dies!
Your butterfly disappears in a burst of colours!
The orb spider weaves a glowing orb of energy.
Your butterfly is caught in a web!
The pharaoh ant bites your butterfly!
Your butterfly dies!
Your butterfly disappears in a burst of colours!
An orb of destruction comes into view.
Your butterfly pulls away from the web.
The emperor scorpion stings your butterfly!!
Your butterfly dies!
Your butterfly disappears in a burst of colours!
The orb spider weaves a glowing orb of energy.
The wavering orb of destruction weakly hits your butterfly!
Your butterfly is blown up!
Your butterfly disappears in a burst of colours!
Your butterfly is caught in a web!
The pharaoh ant bites your butterfly!!!
Your butterfly dies!
Your butterfly disappears in a burst of colours!
Blink to where?
Press: ? - help, Dir - move target
As you read the scroll of blinking, it crumbles to dust.
The orb of destruction hits you!!!
You die...

*^ * *, ,
#.####..°..°○°...^ ,
##...#^.○...bB..... ,,
###.#^.#°○.....bsbb..
*
#......°....#.†b.....
, , ,
##^.....○...###..†~^..
,, #.....○○s..##
#.^^#### ,
##.††^☼...^# #...^.^ ,
^ ##..○#....# #.......
^, * , ##.@#^##.#
#....... * , #.<######
*......$. , * ,
#.†....# *#...^..^ ,
,, * #^...^##
*######## , ,*
##...##* , , ##...., *
,,, , ...... , * , ,
,, *........ ,, , ^,
#..##...,, ,,


There were no monsters in sight!

Vanquished Creatures
  Gastronok (Lair:1)
  A ghost moth (Spider:4)
  A broodmother (Spider:1)
  3 entropy weavers
  2 hydras
  A merfolk avatar (Lair:5)
  A jorogumo (Spider:1)
  A radroach (Spider:2)
  Erica (Lair:1)
  3 two-headed ogres
  4 boulder beetles
  3 death yaks
  3 skeletal warriors (D:11)
  A pharaoh ant (Spider:3)
  2 orb spiders (Spider:3)
  A sea snake (Lair:5)
  2 steelbarb worms
  3 harpies (Lair:5)
  8 wolf spiders
  3 manticores (Lair:5)
  3 moths of wrath
  28 elephants
  6 black mambas
  Joseph (D:7)
  6 torpor snails
  2 gargoyles (D:11)
  An unseen horror (D:11)
  16 komodo dragons
  7 cane toads
  10 demonic crawlers
  A kobold demonologist (D:10)
  9 rime drakes
  A meliai (Spider:4)
  A polar bear (Lair:5)
  2 hornets (Lair:5)
  3 trolls (D:11)
  6 tarantellas
  6 blink frogs (Lair:5)
  5 dream sheep (Lair:3)
  9 culicivoras
  2 wyverns
  A shadow (D:8)
  6 jumping spiders
  3 wraiths
  A vampire (D:10)
  5 steam dragons
  24 yaks
  45 redbacks
  A basilisk (D:11)
  2 two-headed ogre zombies (D:9)
  3 vampire mosquitoes (D:10)
  12 water moccasins
  A swamp drake (D:11)
  Duvessa (D:5)
  2 orc warriors
  2 ice beasts
  A sky beast (D:7)
  3 centaurs
  2 black bears (D:4)
  2 ogres
  4 phantoms
  15 wolves
  A kobold brigand (D:10)
  A necrophage (D:5)
  10 bullfrogs
  A gnoll sergeant (D:9)
  2 scorpions
  12 wights
  Dowan (D:5)
  A troll zombie (D:9)
  20 killer bees
  The ghost of ThrustWizard the Insei, a weakling DsWr of Uskayaw (D:3)
  9 howler monkeys
  8 electric eels
  4 lava snakes (Lair:2)
  12 jellies
  7 orc priests
  2 gnoll boudas
  A hound (D:4)
  Natasha (thrice) (D:3)
  8 orc wizards
  3 iguanas
  5 hell rats (Lair:4)
  4 ogre zombies (D:9)
  25 gnolls
  14 adders
  A shadow imp (D:8)
  3 white imps
  An ufetubus (D:6)
  2 worms
  4 dart slugs
  29 orcs
  7 endoplasms
  3 giant cockroaches (D:1)
  6 hobgoblins
  9 quokkas
  10 ball pythons
  3 bats
  A frilled lizard (D:2)
  12 goblins
  A goblin skeleton (D:9)
  6 goblin zombies (D:9)
  2 hobgoblin skeletons (D:9)
  2 hobgoblin zombies (D:9)
  14 kobolds
  2 orc skeletons (D:9)
  9 orc zombies (D:9)
  2 rats (D:3)
590 creatures vanquished.

Vanquished Creatures (collateral kills)
  2 skeletal warriors (D:11)
  A wolf spider (Spider:4)
  A torpor snail (Spider:1)
  2 jumping spiders
  A culicivora (Spider:4)
  A redback (Spider:4)
8 creatures vanquished.

Vanquished Creatures (others)
  25 fungi
  59 plants
84 creatures vanquished.

Grand Total: 682 creatures vanquished

Notes
Turn   | Place    | Note
-------+----------+-------------------------------------------
     0 | D:1      | scionoferis the Meteoran Berserker began the quest for the
                  | Orb.
     0 | D:1      | Reached XP level 1. HP: 19/19 MP: 2/2
   107 | D:1      | Reached XP level 2. HP: 8/26 MP: 3/3
   130 | D:1      | Reached skill level 4 in Axes
   228 | D:1      | Reached XP level 3. HP: 14/33 MP: 4/4
   539 | D:2      | Reached XP level 4. HP: 35/40 MP: 5/5
   710 | D:2      | Reached skill level 5 in Axes
   782 | D:2      | Reached ** piety under Trog
   783 | D:2      | Reached XP level 5. HP: 29/46 MP: 6/6
  1047 | D:3      | Noticed Natasha
  1059 | D:3      | Killed Natasha
  1098 | D:3      | Reached XP level 6. HP: 28/53 MP: 7/7
  1170 | D:3      | Found a transporter.
  1170 | D:3      | Found a transporter.
  1184 | D:3      | Identified the +5 halberd of the Wraith {chaos, Str+4}
  1190 | D:3      | Reached skill level 6 in Axes
  1215 | D:3      | Noticed Natasha
  1234 | D:3      | Noticed ThrustWizard's ghost (weakling DsWr)
  1251 | D:3      | Killed ThrustWizard's ghost
  1312 | D:3      | Found Ahiofroc's Weapon Boutique.
  1327 | D:3      | Reached XP level 7. HP: 59/60 MP: 8/8
  1331 | D:3      | Found a faded altar of an unknown god.
  1384 | D:3      | Killed Natasha
  1385 | D:3      | Reached *** piety under Trog
  1582 | D:3      | Noticed Natasha
  1588 | D:3      | Killed Natasha
  1589 | D:3      | Reached skill level 5 in Fighting
  1589 | D:3      | Reached skill level 7 in Axes
  1731 | D:4      | Reached XP level 8. HP: 69/69 MP: 9/9
  1876 | D:4      | Identified the +1 robe "Oschoico" {rF- Will+ Str+4 Dex-2}
  1998 | D:4      | Reached skill level 8 in Axes
  1998 | D:4      | Reached skill level 5 in Armour
  2043 | D:5      | Entered Level 5 of the Dungeon
  2136 | D:5      | Reached **** piety under Trog
  2196 | D:5      | Found a staircase to the Ecumenical Temple.
  2243 | D:5      | Noticed Duvessa
  2245 | D:5      | Noticed Dowan
  2249 | D:5      | Killed Duvessa
  2250 | D:5      | Reached skill level 9 in Axes
  2251 | D:5      | Killed Dowan
  2294 | D:5      | Found a radiant altar of Vehumet.
  2303 | D:5      | Gained mutation: You passively map the area around you.
                  | [Meteoran growth]
  2303 | D:5      | Reached XP level 9. HP: 75/75 MP: 10/10
  2583 | D:6      | Reached skill level 10 in Axes
  2713 | D:6      | Reached skill level 11 in Axes
  2738 | D:6      | Found an opulent altar of Gozag.
  2785 | D:6      | Reached XP level 10. HP: 86/86 MP: 11/11
  2930 | D:6      | Found a sacrificial altar of Ru.
  2962 | D:6      | Identified a scroll of acquirement
  2963 | D:6      | Acquired a +1 executioner's axe of freezing
  3141 | D:7      | Noticed a +0 spear
  3142 | D:7      | Noticed a +0 short sword
  3148 | D:7      | Noticed a +0 falchion
  3148 | D:7      | Noticed a +0 dagger
  3148 | D:7      | Noticed a +0 spear
  3148 | D:7      | Noticed a +0 falchion
  3149 | D:7      | Noticed a +0 short sword
  3151 | D:7      | Noticed a +0 dagger
  3171 | D:7      | Found a hide-covered altar of Uskayaw.
  3185 | D:7      | Noticed Joseph
  3196 | D:7      | Killed Joseph
  3197 | D:7      | Reached skill level 12 in Axes
  3217 | D:7      | Reached ***** piety under Trog
  3254 | D:7      | Found Dusief's One-of-a-Kind Rings.
  3521 | D:8      | Found a transporter.
  3523 | D:8      | Found a transporter.
  3523 | D:8      | Noticed IdlyInterested's ghost (novice DsWn)
  3523 | D:8      | Noticed a boulder beetle
  3646 | D:8      | Reached skill level 13 in Axes
  3649 | D:8      | Reached XP level 11. HP: 17/95 MP: 12/12
  3743 | D:8      | Found a glowing golden altar of the Shining One.
  3951 | D:9      | Found a shimmering altar of Xom.
  4014 | D:9      | Noticed a two-headed ogre
  4023 | D:9      | Killed a two-headed ogre
  4096 | D:9      | Found a burning altar of Makhleb.
  4098 | D:9      | Noticed a two-headed ogre
  4107 | D:9      | Killed a two-headed ogre
  4108 | D:9      | Reached skill level 14 in Axes
  4192 | D:9      | Reached skill level 10 in Armour
  4281 | D:9      | Found a staircase to the Orcish Mines.
  4612 | D:10     | Entered Level 10 of the Dungeon
  4618 | D:10     | Noticed a rust devil
  4618 | D:10     | Identified the +2 robe "Capekier" {Rampage *Corrode rElec
                  | rF+}
  4628 | D:10     | Received a gift from Trog
  4629 | D:10     | Reached skill level 1 in Evocations
  4636 | D:10     | Reached ****** piety under Trog
  4637 | D:10     | Reached skill level 10 in Fighting
  4699 | D:10     | Identified the +0 robe of Baileosm {rElec rF- Str+8}
  5147 | D:11     | Noticed a two-headed ogre
  5153 | D:11     | Killed a two-headed ogre
  5154 | D:11     | Reached skill level 15 in Axes
  5154 | D:11     | Reached XP level 12. HP: 77/106 MP: 13/13
  5232 | D:11     | Found the +4 skin of Zhor {*Englaciate rC+++ SInv}
  5496 | D:11     | Noticed a boulder beetle
  5515 | D:11     | Killed a boulder beetle
  5583 | D:11     | Noticed a skeletal warrior
  5584 | D:11     | Noticed a skeletal warrior
  5585 | D:11     | Noticed a skeletal warrior
  5585 | D:11     | Noticed a skeletal warrior
  5596 | D:11     | Noticed a skeletal warrior
  5716 | D:11     | Found a runed translucent door.
  5716 | D:11     | Noticed a boulder beetle
  5717 | D:11     | Noticed a skeletal warrior
  5717 | D:11     | Noticed Jeffwins's ghost (journeyman HuWn)
  5718 | D:11     | Noticed a lich
  5719 | D:11     | Noticed a necromancer
  5720 | D:11     | Noticed a skeletal warrior
  5723 | D:11     | Found a runed translucent door.
  5942 | D:11     | Killed a skeletal warrior
  5943 | D:11     | Reached skill level 16 in Axes
  5945 | D:11     | Killed a skeletal warrior
  5946 | D:11     | Reached skill level 5 in Evocations
  5950 | D:11     | Killed a skeletal warrior
  5953 | D:11     | Killed a skeletal warrior
  5956 | D:11     | Killed a skeletal warrior
  6000 | D:11     | Reached XP level 13. HP: 90/116 MP: 14/14
  6011 | D:11     | Found a staircase to the Lair.
  6059 | Lair:1   | Entered Level 1 of the Lair of Beasts
  6063 | Lair:1   | Noticed Erica
  6073 | Lair:1   | Killed Erica
  6171 | Lair:1   | Noticed a boulder beetle
  6194 | Lair:1   | Killed a boulder beetle
  6195 | Lair:1   | Reached skill level 17 in Axes
  6269 | Lair:1   | Noticed Gastronok
  6279 | Lair:1   | Killed Gastronok
  6428 | Lair:2   | Reached skill level 18 in Axes
  6453 | Lair:2   | Noticed a death yak
  6460 | Lair:2   | Killed a death yak
  6461 | Lair:2   | Noticed a death yak
  6469 | Lair:2   | Killed a death yak
  6470 | Lair:2   | Reached XP level 14. HP: 127/127 MP: 15/15
  6886 | Lair:2   | Found a hazy altar of Hepliaklqana.
  6936 | Lair:3   | Received a gift from Trog
  7046 | Lair:3   | Found a hole to the Spider Nest.
  7149 | Lair:3   | Found a staircase to the Shoals.
  7255 | Lair:4   | Reached skill level 19 in Axes
  7302 | Lair:4   | Gained mutation: You have a pair of small antennae on your
                  | head. [potion of mutation]
  7302 | Lair:4   | Gained mutation: You are vulnerable to cold. (rC-) [potion
                  | of mutation]
  7302 | Lair:4   | Gained mutation: You are strong-willed. (Will+) [potion of
                  | mutation]
  7303 | Lair:4   | Lost mutation: You are vulnerable to cold. (rC-) [potion of
                  | mutation]
  7303 | Lair:4   | Lost mutation: You have a pair of small antennae on your
                  | head. [potion of mutation]
  7303 | Lair:4   | Lost mutation: You are strong-willed. (Will+) [potion of
                  | mutation]
  7303 | Lair:4   | Gained mutation: You passively map a large area around you.
                  | [potion of mutation]
  7303 | Lair:4   | Gained mutation: Your mind is acute. (Int +4, Str/Dex -1)
                  | [potion of mutation]
  7699 | Lair:5   | Entered Level 5 of the Lair of Beasts
  7731 | Lair:5   | Reached skill level 10 in Evocations
  7768 | Lair:5   | Reached skill level 5 in Dodging
  7785 | Lair:5   | Reached XP level 15. HP: 112/136 MP: 16/16
  7802 | Lair:5   | HP: 6/136 [poisoned by a sea snake]
  7994 | Lair:5   | Received a gift from Trog
  8006 | Lair:5   | Reached skill level 20 in Axes
  8186 | Lair:5   | Found a staircase to the Slime Pits.
  8186 | Lair:5   | Found a viscous altar of Jiyva.
  8391 | Slime:1  | Entered Level 1 of the Pits of Slime
  8396 | Lair:5   | Lost mutation: You passively map a large area around you.
                  | [potion of mutation]
  8396 | Lair:5   | Lost mutation: Your mind is acute. (Int +4, Str/Dex -1)
                  | [potion of mutation]
  8396 | Lair:5   | Gained mutation: You have a pair of small horns on your
                  | head. [potion of mutation]
  8396 | Lair:5   | Gained mutation: You expend magic power (3 MP) to
                  | strengthen your wands. [potion of mutation]
  8396 | Lair:5   | Gained mutation: Your mind is acute. (Int +4, Str/Dex -1)
                  | [potion of mutation]
  8397 | Lair:5   | Lost mutation: You have a pair of small horns on your head.
                  | [potion of mutation]
  8397 | Lair:5   | Lost mutation: Your mind is acute. (Int +4, Str/Dex -1)
                  | [potion of mutation]
  8397 | Lair:5   | Lost mutation: You expend magic power (3 MP) to strengthen
                  | your wands. [potion of mutation]
  8397 | Lair:5   | Gained mutation: You are occasionally teleported next to
                  | monsters. [potion of mutation]
  8397 | Lair:5   | Gained mutation: You are frail. (-10% HP) [potion of
                  | mutation]
  8398 | Lair:5   | Lost mutation: You are frail. (-10% HP) [potion of
                  | mutation]
  8398 | Lair:5   | Lost mutation: You are occasionally teleported next to
                  | monsters. [potion of mutation]
  8398 | Lair:5   | Gained mutation: You have a pair of small horns on your
                  | head. [potion of mutation]
  8398 | Lair:5   | Gained mutation: Your system is resistant to poisons.
                  | (rPois) [potion of mutation]
  8455 | Spider:1 | Entered Level 1 of the Spider Nest
  8657 | Spider:1 | Noticed a broodmother
  8663 | Spider:1 | Killed a broodmother
  8774 | Spider:1 | Identified the +5 quarterstaff of the Horn {vorpal, Str+3}
  8872 | Spider:1 | Reached XP level 16. HP: 62/146 MP: 17/17
  8999 | Spider:2 | Reached skill level 21 in Axes
  9457 | Spider:4 | Entered Level 4 of the Spider Nest
  9495 | Spider:4 | Noticed a ghost moth
  9550 | Spider:4 | Killed a ghost moth
  9587 | Spider:4 | Received a gift from Trog
  9611 | Spider:4 | HP: 6/147 [disintegration[a torpor snail] (55)]
  9612 | Spider:4 | Noticed an emperor scorpion
  9618 | Spider:4 | Blown up by an orb spider

Illustrated notes

Levels and vault maps discovered:
D:1:      tarquinn_simple_flora_water_e, layout_basic
D:2:      layout_rooms, minmay_snake_closets
D:3:      layout_loops_cross, basic_ecumenical_altar, serial_shops,
          nicolae_shop_behind_doors, gammafunk_ghost_gnarly_gnolls, uniq_natasha
D:4:      layout_gridville, chequers_jeans, st_stairs_9,
          kennysheep_generic_room_10
D:5:      layout_rooms, vehumet_altar_wand_db, minmay_temple_entry_poolview,
          uniq_duvessa
D:6:      layout_basic, kennysheep_little_box, nicolae_ru_path_of_blood,
          serial_glass, glass_columns_b, glass_columns_a
D:7:      layout_cave_pools, nicolae_uskayaw_en_pointe,
          nicolae_shop_unique_rings, uniq_joseph
D:8:      layout_loops_ring, tso_metal_star, gammafunk_ghost_arena,
          serial_bayou_ford_a
D:9:      layout_loops_corners, old_standard_altar,
          mainiacjoe_overflow_brackets, zombieorc2_lemuel
D:10:     layout_basic, corner_web_ring, hangedman_decor_push, nicolae_wwwww
D:11:     layout_long_grid, erik_lair_dragon, muffindrake_ghost_dual_entry,
          chequers_hall_statues_corner_a, hellmonk_guarded_unrand_zhor
Lair:1:   layout_misc_corridors, tgw_fedhas, grunt_megastairs_3, uniq_erica,
          uniq_gastronok
Lair:2:   layout_regular_city, basic_altar, nicolae_lair_liquid_snakes
Lair:3:   layout_gridlike, shoals_dummy_entry, dummy_spider_entry,
          beast_lair_carwin_8, infiniplex_staircase_pool_2
Lair:4:   dpeg_oklob_gauntlet, layout_hall_layers, grunt_forest_stairs_basic,
          serial_bayou_shore_b
Lair:5:   gammafunk_lair_ancient_temple, layout_long_grid,
          nicolae_slime_entry_slimehenge, serial_bayou_shore_b,
          serial_bayou_shore_b, lemuel_fruit_fields
Spider:1: layout_spider_delve, worms_lemuel
Spider:2: layout_spider_delve
Spider:3: nicolae_orb_stairs_large, drop_trap, uniq_arachne
Spider:4: grunt_spider_rune_parallel, hellmonk_motheaten_closet
Slime:1:  layout_caves

Skill      XL: |  1  2  3  4  5  6  7  8  9 10 11 12 13 14 15 16 |
---------------+-------------------------------------------------+-----
Axes           | 4 5 6 7 9 11 13 15 16 18 19 20 21 | 21.7
Fighting       | 4 5 6 7 8 10 11 12 13 14 | 14.7
Armour         | 3 4 6 7 9 10 11 12 | 12.0
Evocations     | 2 5 8 10 11 12 | 12.0
Dodging        | 5 7 9 |  9.0

Action                   |  1- 3 |  4- 6 |  7- 9 | 10-12 | 13-15 | 16-18 || total
-------------------------+-------+-------+-------+-------+-------+-------++-------
Melee: Hand axe          |    71 |   167 |       |       |       |       ||   238
       Punch             |       |     1 |       |     3 |     1 |       ||     5
       Halberd           |       |    30 |   192 |    13 |       |       ||   235
       Executioner's axe |       |       |       |   262 |   656 |   181 ||  1099
       Broad axe         |       |       |       |   171 |    37 |       ||   208
       Headbutt          |       |       |       |       |    42 |    48 ||    90
Throw: Dart              |       |       |       |     5 |     4 |       ||     9
Invok: Berserk           |       |     1 |     3 |     4 |     5 |     3 ||    16
       Trog's Hand       |       |     1 |       |     3 |     5 |     1 ||    10
       Brothers in Arms  |       |       |       |     1 |     2 |     1 ||     4
Evoke: Wand              |       |       |       |     3 |     5 |       ||     8
       Tin of tremorston |       |       |       |       |     1 |       ||     1
  Use: Potion            |       |     3 |     1 |       |    10 |       ||    14
       Scroll            |       |       |     8 |     8 |     6 |     4 ||    26
 Stab: Distracted        |       |     1 |       |       |     1 |       ||     2
       Held in net/web   |       |     1 |       |       |       |       ||     1
       Confused          |       |       |     1 |       |       |       ||     1
Armor: Animal skin       |     4 |       |       |       |       |       ||     4
       Ring mail         |    17 |       |       |       |       |       ||    17
       Chain mail        |       |   100 |    67 |   142 |       |       ||   309
       Plate armour      |       |       |       |    87 |   460 |   147 ||   694
Dodge: Dodged            |    28 |    67 |    97 |   242 |   317 |   135 ||   886
Block: Other             |       |    39 |    43 |    85 |   157 |    69 ||   393
       Reflection        |       |     1 |     2 |     3 |     1 |       ||     7

Table legend: (Time is in decaauts)
 A = Elapsed time spent in this place.
 B = Non-inter-level travel time spent in this place.
 C = Inter-level travel time spent in this place.
 D = Time resting spent in this place.
 E = Time spent auto-exploring this place.
 F = Levels seen in this place.
 G = Mean time per level.
                   A        B        C        D        E       F      G
               +--------+--------+--------+--------+--------+-----+--------+
         Total |   9838 |   9532 |    306 |     18 |      0 |  21 |  468.5 |
       Dungeon |   6195 |   5977 |    218 |      0 |      0 |  11 |  563.2 |
          Lair |   2456 |   2386 |     70 |      5 |      0 |   5 |  491.2 |
   Spider Nest |   1182 |   1164 |     18 |     13 |      0 |   4 |  295.5 |
    Slime Pits |      3 |      3 |      0 |      0 |      0 |   1 |    3.0 |
               +--------+--------+--------+--------+--------+-----+--------+

Top non-repeatable levels by time:
    D:11: 937 daAuts
  Lair:5: 756 daAuts
     D:9: 732 daAuts
  Lair:2: 617 daAuts
     D:3: 608 daAuts
     D:6: 601 daAuts
     D:8: 578 daAuts
     D:1: 509 daAuts
  Lair:4: 497 daAuts
    D:10: 495 daAuts
     D:2: 488 daAuts
     D:4: 456 daAuts
Spider:1: 437 daAuts
     D:7: 407 daAuts
Spider:2: 384 daAuts
